 Dungeon Crawl Stone Soup version 0.28.0-45-g0d030f2227 (webtiles) character file.

Game seed: 4708186496402969161

4839 protoss039 the Fighter (level 10, -2/106 HPs)
             Began as a Troll Fighter on Apr 15, 2022.
             Was a Follower of Okawaru.
             Killed from afar by an acid dragon (23 damage)
             ... with a splash of acid
             ... on level 8 of the Dungeon.
             The game lasted 00:21:03 (6551 turns).

protoss039 the Fighter (Troll Fighter)              Turns: 6551, Time: 00:21:04

Health: -2/106     AC:  5    Str: 30    XL:     10   Next: 25%
Magic:  0/11       EV:  9    Int:  4    God:    Okawaru [*.....]
Gold:   260        SH:  8    Dex:  9    Spells: 9/9 levels left

rFire   . . .      SeeInvis .     - Unarmed
rCold   . . .      Faith    .   b - +0 kite shield
rNeg    + . .      Spirit   +   a - +0 robe
rPois   .          Reflect  .   (helmet restricted)
rElec   .          Harm     .   e - +0 cloak
rCorr   .          Rampage  .   (gloves unavailable)
Will    .....                   (boots unavailable)
Stlth   +.........              n - amulet of guardian spirit
HPRegen 1.07/turn               z - ring of positive energy
MPRegen 0.12/turn               (no ring)

@: lethally poisoned (-2 -> -3), slowed, studying Ice Magic, very slow
A: large, unfitting armour, claws 3, regeneration 1, shaggy fur 1, tough skin 1
a: Renounce Religion, Heroism


You were on level 8 of the Dungeon.
You worshipped Okawaru.
Okawaru was aware of your devotion.
You visited 2 branches of the dungeon, and saw 9 of its levels.
You also visited: Bailey.

You collected 260 gold pieces.

Inventory:

Missiles
 o - a throwing net (quivered)
Armour
 a - a +0 robe (worn)
 b - a +0 kite shield (worn)
 e - a +0 cloak (worn)
Magical Staves
 r - a staff of earth
Jewellery
 n - an amulet of guardian spirit (around neck)
 z - a ring of positive energy (left claw)
 A - a +6 ring of strength
Wands
 d - a wand of flame (44)
 i - a wand of charming (22)
 y - a wand of iceblast (11)
Scrolls
 g - a scroll of holy word
 h - a scroll of identify
 k - 3 scrolls of amnesia
 l - a scroll of teleportation
 s - 2 scrolls of fog {unknown}
 v - a scroll of summoning {unknown}
 w - a scroll of vulnerability {unknown}
 x - 2 scrolls of blinking {unknown}
Potions
 c - 2 potions of brilliance
 f - a potion of heal wounds
 j - a potion of haste {unknown}
 m - 5 potions of flight
 p - 2 potions of berserk rage {unknown}
 q - 2 potions of resistance
 u - a potion of mutation {unknown}


   Skills:
 * Level 8.8 Fighting
 - Level 3.0 Armour
 - Level 3.0 Dodging
 + Level 5.4 Shields
 + Level 8.2 Unarmed Combat
 * Level 3.0 Invocations


You had 9 spell levels left.
You didn't know any spells.
Your spell library contained the following spells:

 Spells                   Type           Power      Damage    Failure   Level
 Pain                     Necr           0%         1d4       77%         1
 Blink                    Tloc           0%         N/A       88%         2
 Corpse Rot               Necr/Air       0%         N/A       88%         2
 Poisonous Vapours        Pois/Air       0%         N/A       88%         2
 Vampiric Draining        Necr           0%         2d6       98%         3
 Manifold Assault         Tloc           0%         N/A       100%        5
 Storm Form               Tmut/Air       0%         N/A       100%        7
 Animate Skeleton         Necr           Unusable   N/A       N/A         1

Dungeon Overview and Level Annotations

Branches:
Dungeon (8/15)             Temple (1/1) D:7          Bailey (visited)
   Lair: D:8-11

Altars:
Ashenzari
Cheibriados
Dithmenos
Elyvilon
Fedhas
Gozag
Hepliaklqana
Makhleb
Nemelex Xobeh
Okawaru
Qazlal
Ru
Sif Muna
Trog
Vehumet
Wu Jian
Yredelemnul
Zin
The Shining One

Shops:
D:4 *


Innate Abilities, Weirdness & Mutations

You are too large for most types of armour.
You have claws for hands.
Your natural rate of healing is unusually fast.
You are covered in fur. (AC +1)
You have tough skin. (AC +1)


Message History

Aiming: Polymorph
Press: ? - help, Shift-Dir - straight line, f/p - hornet
Aim: a hornet (will become a golden eye, a fire bat, or a wyvern, chance to affect: 39%)
The hornet resists with some effort.
The now-empty wand crumbles to dust.
You feel very sick. The hornet stings you!
* * * LOW HITPOINT WARNING * * *
You feel as though you will be slow longer.
The hornet barely misses you.
The hornet stings you but does no damage.
Unknown command.
You don't have any such object.
Evoke which item? (* to show all) (? for menu, Esc to quit)
Okay, then.
As you read the scroll of teleportation, it crumbles to dust.
You feel strangely unstable.
You feel very sick. The hornet stings you!
* * * LOW HITPOINT WARNING * * *
You feel as though you will be slow longer.
You block the hornet's attack.
Unknown command.
Unknown command.
Unknown command.
You feel sick. You block the hornet's attack.
Unknown command.
Your surroundings suddenly seem different.
A centaur and an acid dragon come into view.
Found a stone staircase leading down.
You feel sick.
The centaur shouts!
The acid dragon roars!
The centaur wields a +0 shortbow.
The centaur shoots an arrow.
The arrow barely misses you.
Unknown command.
Unknown command.
You claw the acid dragon!
The acid dragon is heavily wounded.
You feel sick. The acid dragon spits acid at you. The splash of acid hits you!!
You die...

#########
.....>.@#
#######D#
..# ..c.
##..#
#... #.##
#.


You could see an acid dragon (catching breath) and a centaur.

Vanquished Creatures
  A two-headed ogre (D:5)
  Pikel (D:6)
  Joseph (D:7)
  Prince Ribbit (D:7)
  Eustachio (D:4)
  2 water moccasins
  8 orc warriors
  A hornet zombie (D:4)
  3 necrophages
  An ice beast (D:6)
  2 ogres
  2 bullfrogs
  A gnoll sergeant (D:8)
  3 scorpions
  A howler monkey (D:6)
  An electric eel (D:6)
  A bullfrog zombie (D:6)
  2 jellies
  4 hounds
  4 orc priests
  A bullfrog skeleton (D:6)
  A centaur skeleton (D:4)
  Terence (D:3)
  2 gnoll shamans
  4 orc wizards
  4 iguanas
  A killer bee zombie (D:5)
  24 gnolls
  A howler monkey zombie (D:7)
  5 adders
  A white imp (D:6)
  2 ufetubi
  3 worms
  4 dart slugs
  26 orcs
  A bat (D:2)
  6 endoplasms
  6 giant cockroaches
  21 goblins
  17 hobgoblins
  4 jackals
  4 kobolds
  3 quokkas
  9 ball pythons
  4 frilled lizards
196 creatures vanquished.

Vanquished Creatures (others)
  12 plants (D:6)
12 creatures vanquished.

Grand Total: 208 creatures vanquished

Notes
Turn   | Place    | Note
-------+----------+-------------------------------------------
     0 | D:1      | protoss039 the Troll Fighter began the quest for the Orb.
     0 | D:1      | Reached XP level 1. HP: 22/22 MP: 0/0
   193 | D:1      | Found a faded altar of an unknown god.
   318 | D:1      | Reached XP level 2. HP: 29/29 MP: 1/1
   754 | D:2      | Reached XP level 3. HP: 36/36 MP: 2/2
  1528 | D:3      | Reached XP level 4. HP: 44/44 MP: 3/3
  1618 | D:3      | Noticed Terence
  1626 | D:3      | Killed Terence
  1695 | D:3      | Found a hazy altar of Hepliaklqana.
  1977 | D:3      | Reached XP level 5. HP: 51/53 MP: 4/4
  2030 | D:3      | Found a broken altar of Ashenzari.
  2031 | D:3      | Found a basalt altar of Yredelemnul.
  2198 | D:4      | Reached XP level 6. HP: 52/63 MP: 5/5
  2338 | D:4      | Reached skill level 5 in Fighting
  2547 | D:4      | Noticed Eustachio
  2590 | D:4      | Killed Eustachio
  2660 | D:4      | Found Sapt's Serpentskin Sales.
  2660 | D:4      | Noticed a water moccasin
  2687 | D:4      | HP: 2/100 [poisoned by a water moccasin]
  2689 | D:4      | Killed a water moccasin
  2690 | D:4      | Reached XP level 7. HP: 13/75 MP: 2/6
  2827 | D:4      | Found a glowing golden altar of the Shining One.
  3165 | D:4      | Found an ornate altar of the Wu Jian Council.
  3271 | D:5      | Entered Level 5 of the Dungeon
  3293 | D:4      | Reached skill level 5 in Unarmed Combat
  3734 | D:4      | Reached XP level 8. HP: 52/83 MP: 3/7
  3838 | D:5      | Reached skill level 1 in Armour
  3915 | D:5      | Noticed a two-headed ogre
  3986 | D:5      | Killed a two-headed ogre
  4305 | D:6      | Found a burning altar of Makhleb.
  4327 | D:6      | Reached XP level 9. HP: 60/93 MP: 5/8
  4466 | D:6      | Found a white marble altar of Elyvilon.
  4754 | D:6      | Noticed Pikel
  4762 | D:6      | Killed Pikel
  5028 | D:7      | Found a staircase to the Ecumenical Temple.
  5054 | Temple   | Entered the Ecumenical Temple
  5093 | Temple   | Became a worshipper of Warmaster Okawaru
  5170 | D:7      | Found a flagged portal.
  5184 | Bailey   | Entered a bailey
  5228 | Bailey   | Reached skill level 5 in Shields
  5335 | Bailey   | Reached skill level 1 in Invocations
  5495 | Bailey   | Reached XP level 10. HP: 47/106 MP: 4/10
  5620 | Bailey   | Reached * piety under Okawaru
  5653 | Bailey   | Noticed an orc knight
  5655 | Bailey   | Noticed an orc knight
  5868 | D:7      | Found a snail-covered altar of Cheibriados.
  5995 | D:7      | Noticed Prince Ribbit
  5997 | D:7      | Noticed Joseph
  6002 | D:7      | Killed Prince Ribbit
  6011 | D:7      | Killed Joseph
  6260 | D:8      | HP: 4/106 [poisoned by a gnoll sergeant]
  6265 | D:8      | HP: 3/106 [poisoned by a gnoll sergeant]
  6452 | D:8      | Found a sparkling altar of Nemelex Xobeh.
  6551 | D:8      | Killed from afar by an acid dragon

Illustrated notes

Levels and vault maps discovered:
D:1:      dpeg_arrival_rooms_a, layout_basic, shapermc_ecumenical_altar_venn
D:2:      layout_loops_ring
D:3:      layout_basic, lemuel_round_altar, nicolae_overflow_squiral,
          uniq_terence
D:4:      layout_loops_ring, tso_oasis_becter, nicolae_wu_jian_glorious_leap,
          guppyfry_shop_venom, uniq_eustachio
D:5:      layout_basic
D:6:      layout_rooms, nicolae_elyvilon_temple_path,
          mainiacjoe_overflow_six_doors_small, uniq_pikel
D:7:      layout_rooms, mainiacjoe_overflow_paths, minmay_temple_entry_hall,
          enter_bailey_3, moated_statue, uniq_prince_ribbit1, uniq_joseph
D:8:      due_chaos_kobolds, layout_loops_ring, nemelex_spade_bored_becter,
          chequers_mini_garden
Temple:   jpeg_temple_alley_garden

Skill      XL: |  1  2  3  4  5  6  7  8  9 10 |
---------------+-------------------------------+-----
Shields        | 3 5 |  5.4
Fighting       | 3 4 6 7 8 |  8.8
Dodging        | 3 |  3.0
Unarmed Combat | 3 6 8 |  8.2
Armour         | 3 |  3.0
Invocations    | 1 3 |  3.0

Action                   |  1- 3 |  4- 6 |  7- 9 | 10-12 || total
-------------------------+-------+-------+-------+-------++-------
Melee: Unarmed           |   111 |   189 |   291 |    94 ||   685
Throw: Throwing net      |       |       |       |     3 ||     3
Evoke: Wand              |       |       |     8 |     7 ||    15
  Use: Potion            |       |     5 |       |     1 ||     6
       Scroll            |       |       |     6 |     1 ||     7
 Stab: Sleeping          |       |     1 |       |       ||     1
Armor: Robe              |    42 |    89 |    41 |    19 ||   191
       Skin              |       |     8 |     5 |       ||    13
Dodge: Dodged            |    40 |    93 |    92 |    41 ||   266
Block: Kite shield       |    35 |    85 |    96 |    63 ||   279
